 Dungeon Crawl Stone Soup version 0.30.0 (webtiles) character file.

Game seed: 4894596791988701117

226 Arpion the Trooper (level 6, -6/48 HPs)
             Began as a Human Fighter on Dec 17, 2023.
             Was a Follower of Zin.
             Mangled by Duvessa
             ... wielding a +2 short sword of speed
              (9 damage)
             ... on level 4 of the Dungeon.
             The game lasted 00:06:39 (2258 turns).

Arpion the Trooper (Human Fighter)                  Turns: 2258, Time: 00:06:39

Health: -6/48      AC:  7    Str: 16    XL:     6   Next: 21%
Magic:  6/6        EV:  9    Int: 10    God:    Zin [*.....]
Gold:   91         SH:  5    Dex: 13    Spells: 5/5 levels left

rFire   . . .        a - +0 long sword
rCold   . . .        c - +0 buckler
rNeg    . . .        b - +0 scale mail
rPois   +            (no helmet)
rElec   .            (no cloak)
rCorr   .            (no gloves)
SInv    .            (no boots)
Will    .....        m - amulet of regeneration Stlth
                     p - ring of poison resistance
HPRegen 1.08/turn    (no ring)
MPRegen 0.10/turn

%: no passive effects
@: about to teleport
A: no striking features
a: Renounce Religion, Recite, Donate Gold


You were on level 4 of the Dungeon.
You worshipped Zin.
Zin was aware of your devotion.
You visited 2 branches of the dungeon, and saw 5 of its levels.

You collected 101 gold pieces.
You donated 10 gold pieces to Zin.

Inventory:

Hand Weapons
 a - a +0 long sword (weapon)
 k - a +0 dagger of freezing
Armour
 b - a +0 scale mail (worn)
 c - a +0 buckler (worn)
Jewellery
 i - an amulet of magic regeneration
 m - an amulet of regeneration (around neck)
 o - a ring of fire
 p - a ring of poison resistance (left hand)
Scrolls
 g - 2 scrolls of teleportation
 n - 2 scrolls of immolation
 r - a scroll of identify {unknown}
Potions
 d - 2 potions of might
 e - 3 potions of heal wounds {unknown}
 f - a potion of brilliance {unknown}
 h - a potion of mutation {unknown}
 j - 3 potions of curing {unknown}
 l - a potion of lignification {unknown}
 q - a potion of attraction {unknown}


   Skills:
 * Level 4.2 Fighting
 + Level 3.7 Long Blades
 + Level 3.9 Armour
 + Level 1.0 Dodging
 + Level 1.0 Stealth
 + Level 3.3 Shields


You had 5 spell levels left.
You didn't know any spells.
Your spell library was empty.

Dungeon Overview and Level Annotations

Branches:
Dungeon (4/15)             Temple (1/1) D:4

Altars:
Ashenzari
Dithmenos
Fedhas
Hepliaklqana
Kikubaaqudgha
Makhleb
Nemelex Xobeh
Okawaru
Qazlal
Ru
Vehumet
Wu Jian
Xom
Zin

Annotations:
D:4 Dowan, Duvessa


Message History

The ogre is moderately wounded.
You hear a shout!
You block the ogre's attack.
You barely miss the ogre.
The ogre is moderately wounded.
The ogre completely misses you.
Dowan, Brother of Duvessa comes into view.
He is wielding a +0 dagger.
You hit the ogre.
The ogre is heavily wounded.
The ogre hits you with a +0 giant club!
Dowan says, "Stay away from my face!"
You slash the ogre!
The ogre is severely wounded.
Duvessa hits you with a +2 short sword of speed.
Dowan gestures wildly while chanting.
Dowan blinks!
The ogre completely misses you.
Duvessa hits you with a +2 short sword of speed.
You hit Duvessa but do no damage. Duvessa closely misses you.
Duvessa says, "Where magic fails, the sword succeeds!"
Duvessa hits you with a +2 short sword of speed!
* * * LOW HITPOINT WARNING * * *
Dowan says, "Magic and the sword, together, will defeat you."
You hit Duvessa.
Duvessa is lightly wounded.
Duvessa barely misses you.
Dowan mumbles some strange words.
Dowan blinks!
Duvessa barely misses you.
You closely miss Duvessa.
Duvessa is lightly wounded.
Duvessa barely misses you.
You barely miss Duvessa.
Duvessa is lightly wounded.
Duvessa hits you with a +2 short sword of speed!
* * * LOW HITPOINT WARNING * * *
Duvessa hits you with a +2 short sword of speed!
* * * LOW HITPOINT WARNING * * *
As you read the scroll of teleportation, it crumbles to dust.
You feel strangely unstable.
Duvessa hits you with a +2 short sword of speed!
You die...

.... .##... ...##
...... ...# ......
#..# ##....# #..#
#.....##..
#..###......#..
#..#..........# #.
##.............#
#.§.###@.##..#......#
#....Oe#####..#.....##
##....## #...#.....##
#....# ##..#......#
.....> ##)........
#.... ##.........
#.... #...........
##.. ##..†........ ...
#..........#.


You could see Duvessa and an ogre.

Vanquished Creatures
  A gnoll bouda (D:3)
  Jessica (D:3)
  Natasha (D:4)
  An orc wizard (D:3)
  2 adders (D:2)
  4 gnolls (D:3)
  3 dart slugs
  2 orcs (D:3)
  6 endoplasms
  A giant cockroach (D:3)
  6 goblins
  6 hobgoblins
  2 quokkas
  8 ball pythons
  3 bats
  3 frilled lizards
  4 kobolds
  7 rats
61 creatures vanquished.

Notes
Turn   | Place    | Note
-------+----------+-------------------------------------------
     0 | D:1      | Arpion the Human Fighter began the quest for the Orb.
     0 | D:1      | Reached XP level 1. HP: 18/18 MP: 1/1
   181 | D:1      | Reached XP level 2. HP: 24/24 MP: 2/2
   883 | D:2      | Reached skill level 1 in Stealth
   883 | D:2      | Reached XP level 3. HP: 21/29 MP: 3/3
  1129 | D:2      | Reached XP level 4. HP: 27/35 MP: 4/4
  1558 | D:3      | Reached XP level 5. HP: 24/42 MP: 5/5
  1630 | D:3      | Reached skill level 4 in Fighting
  1926 | D:3      | Noticed Jessica
  1936 | D:3      | Killed Jessica
  1937 | D:3      | Reached skill level 1 in Dodging
  1937 | D:3      | Reached XP level 6. HP: 42/48 MP: 6/6
  1949 | D:3      | Found a hazy altar of Hepliaklqana.
  2038 | D:3      | Found a faded altar of an unknown god.
  2082 | D:4      | Found a staircase to the Ecumenical Temple.
  2109 | Temple   | Entered the Ecumenical Temple
  2206 | Temple   | Became a worshipper of Zin the Law-Giver
  2206 | Temple   | Reached * piety under Zin
  2223 | D:4      | Noticed Natasha
  2223 | D:4      | Found the +6 shillelagh "Devastator" {shatter}
  2229 | D:4      | Killed Natasha
  2246 | D:4      | Noticed an ogre
  2248 | D:4      | Noticed Duvessa
  2250 | D:4      | Noticed Dowan
  2257 | D:4      | HP: 2/48 [Duvessa/+2 short sword of speed (7)]
  2258 | D:4      | Mangled by Duvessa

Illustrated notes

Levels and vault maps discovered:
D:1:      dpeg_arrival_arbitrary_a, layout_basic, st_stairs_14
D:2:      layout_rooms, glass_columns_b
D:3:      layout_loops_ring, overflow_temple_1_default,
          hellmonk_ecumenical_altar_heavens_door, kennysheep_cross_room,
          uniq_jessica
D:4:      layout_layer_cave, mainiacjoe_overflow_boulevard, trog_butcher_becter,
          led_sif_book, minmay_temple_entry_overgrown,
          hangedman_abyss_or_decor_stagger, uniq_duvessa, uniq_natasha,
          uniq_ijyb
Temple:   compressed_dpeg_triangle_lava_temple

Skill      XL: |  1  2  3  4  5 |
---------------+----------------+-----
Stealth        | 1 |  1.0
Long Blades    | 3 |  3.7
Fighting       | 4 |  4.2
Dodging        | 1 |  1.0
Armour         | |  3.9
Shields        | |  3.3

Action                     |  1- 3 |  4- 6 || total
---------------------------+-------+-------++-------
  Melee: Long sword        |    86 |   138 ||   224
    Use: Scroll            |       |     3 ||     3
 Armour: Scale mail        |    41 |    53 ||    94
  Dodge: Dodged            |    35 |    61 ||    96
  Block: Buckler           |    25 |    35 ||    60
